 Dungeon Crawl Stone Soup version 0.24-a0-417-g1cce26a4d2 (webtiles) character file.

Game seed: 6956051449834612547

35 wazuzu the Ogre Mage (level 3, 0/31 HPs)
             Began as an Ogre Wizard on June 10, 2019.
             Was an Initiate of Ru.
             Slain by Natasha (7 damage)
             ... on level 2 of the Dungeon.
             The game lasted 00:02:47 (1586 turns).

wazuzu the Ogre Mage (Ogre Wizard)                  Turns: 1586, Time: 00:02:48

Health: 0/31       AC:  3    Str: 11    XL:     3   Next: 33%
Magic:  3/8        EV: 10    Int: 20    God:    Ru [......]
Gold:   85         SH:  0    Dex:  7    Spells: 9/10 levels left

rFire    . . .     SeeInvis .   f - +0 mace
rCold    . . .     Gourm    .   (no shield)
rNeg     . . .     Faith    .   a - +0 robe
rPois    .         Spirit   .   b - +0 hat
rElec    .         Reflect  .   (no cloak)
rCorr    .         Harm     .   (gloves unavailable)
MR       .....                  (boots unavailable)
Stlth    +.........             (no amulet)
HPRegen  0.10/turn              (no ring)
MPRegen  0.11/turn              (no ring)

@: very slightly contaminated, slowed, very slow
A: large, unfitting armour, tough skin 1
a: Renounce Religion


You were on level 2 of the Dungeon.
You worshipped Ru.
Ru was noncommittal.
You were not hungry.

You visited 1 branch of the dungeon, and saw 2 of its levels.

You collected 85 gold pieces.

Inventory:

Hand Weapons
 f - a +0 mace (weapon)
Missiles
 c - 55 stones (quivered)
Armour
 a - a +0 robe (worn)
 b - a +0 hat (worn)
Scrolls
 e - 3 scrolls of identify {unknown}
 h - a scroll of amnesia {unknown}
 i - a scroll of magic mapping {unknown}
Potions
 g - 5 potions of curing {unknown}
Comestibles
 d - 7 rations
 j - a chunk of flesh


   Skills:
 - Level 1.7 Dodging
 - Level 1.4 Stealth
 * Level 4.3 Spellcasting
 + Level 2.1 Conjurations
   Level 0.8 Summonings
   Level 0.8 Translocations


You had 9 spell levels left.
You knew the following spells:

 Your Spells              Type           Power        Failure   Level  Hunger
z - Magic Dart            Conj           ##..         4%          1    None

Your spell library contained the following spells:

 Spells                   Type           Power        Failure   Level  Hunger
 Blink                    Tloc           N/A          13%         2    #......
 Call Imp                 Summ           #.......     13%         2    #......
 Slow                     Hex            #.......     19%         2    #......
 Conjure Flame            Conj/Fire      #.......     24%         3    ###....
 Mephitic Cloud           Conj/Pois/Air  #.......     28%         3    ###....


Dungeon Overview and Level Annotations

Branches:
Dungeon (2/15)

Altars:
Ru

Annotations:
D:2 Natasha


Innate Abilities, Weirdness & Mutations

You are too large for most types of armour.
You have tough skin. (AC +1)


Message History

Natasha is moderately wounded!
Natasha misses you!
Natasha stares at you and mumbles some strange words!
The magic dart hits you!
You closely miss Natasha!
Natasha is moderately wounded!
Natasha claws you! Natasha claws you!!! * * * don't die
* * * You closely miss Natasha!
Natasha is moderately wounded!
Natasha misses you! Natasha claws you! * * * don't die
* * * You closely miss Natasha!
Natasha is moderately wounded!
Natasha mumbles some strange words!
Natasha shimmers violently!
Natasha closely misses you!
Natasha hisses!
Natasha claws you!!! rip

....####.#............
.........#.#.##....#..
...##..........#......
#.###...#.....#..#
#########.###...#...#.#...
.......)...........<......
#########.###...........##
#.###.#.###.#.###
#@............#
#.....h..##.#.########
.........##...........
.........####.########
..######## #.# . #.#
#####†###### #..........#.
#............


You could see Natasha.

Vanquished Creatures
  2 dart slugs
  4 bats
  A giant cockroach (D:1)
  4 goblins
  2 hobgoblins (D:1)
  2 jackals (D:2)
  A quokka (D:2)
  3 frilled lizards
  6 kobolds (D:2)
  5 rats
30 creatures vanquished.

Notes
Turn   | Place    | Note
-------+----------+-------------------------------------------
     0 | D:1      | wazuzu the Ogre Wizard began the quest for the Orb.
     0 | D:1      | Reached XP level 1. HP: 16/16 MP: 5/5
    38 | D:1      | Reached skill level 1 in Conjurations
   648 | D:1      | Reached XP level 2. HP: 24/24 MP: 3/6
  1336 | D:2      | Reached skill level 4 in Spellcasting
  1390 | D:2      | Found a sacrificial altar of Ru.
  1392 | D:2      | Reached XP level 3. HP: 31/31 MP: 3/8
  1407 | D:2      | Became a worshipper of Ru the Awakened
  1575 | D:2      | Noticed Natasha
  1586 | D:2      | Slain by Natasha

Levels and vault maps discovered:
D:1:      eino_arrival_druids_welcome, layout_basic, palyth_stone_intersect
D:2:      layout_basic, nicolae_ru_great_annihilating_truth, uniq_natasha

Skill      XL: |  1  2 |
---------------+-------+-----
Conjurations   | 1 2 |  2.1
Spellcasting   | 4 |  4.3
Dodging        | |  1.7
Stealth        | |  1.4
Summonings     | |  0.8
Translocations | |  0.8

Action                   || total
-------------------------++-------
Melee: Mace              ||    19
Throw: Stone             ||    16
 Cast: Magic Dart        ||    62
 Stab: Paralysed         ||     2
  Eat: Chunk             ||     2
Armor: Robe              ||     8
Dodge: Dodged            ||    25

Table legend:
 A = Non-vault XP
 B = Vault XP
 C = Vault XP percentage of total XP
 D = Non-vault monster count
 E = Vault monster count
 F = Vault count percentage of total count
                 A         B        C        D         E       F
            +---------+---------+-------+---------+---------+-------
      Total |      44 |       6 |  12.0 |      26 |       4 |  13.3
            +---------+---------+-------+---------+---------+-------
        D:1 |      24 |       0 |   0.0 |      15 |       0 |   0.0
        D:2 |      20 |       6 |  23.1 |      11 |       4 |  26.7
            +---------+---------+-------+---------+---------+-------
